 Dungeon Crawl Stone Soup version 0.16.1-30-g34a7ffa (webtiles) character file.

365669 ztt the Executioner (level 21, -15/194 HPs)
             Began as a Minotaur Fighter on June 22, 2015.
             Was the Champion of Okawaru.
             Killed from afar by a fire giant (32 damage)
             ... with a fireball
             ... on level 5 of the Vaults.
             The game lasted 02:02:27 (45025 turns).

ztt the Executioner (Minotaur Fighter)             Turns: 45025, Time: 02:02:27

Health: -15/194    AC: 27    Str: 32    XL:     21   Next: 58%
Magic:  28/33      EV: 15    Int:  9    God:    Okawaru [******]
Gold:   3493       SH: 20    Dex: 16    Spells: 4 memorised, 20 levels left

rFire  . . .     SeeInvis +     A - +9 broad axe of Charity {flame, Str+5 Stlth+}
rCold  . . .     Clarity  .     p - +3 storm dragon armour
rNeg   . . .     SustAb   .     z - +4 shield of Honesty {rElec Regen+}
rPois  .         Gourm    .     (helmet unavailable)
rElec  +         Spirit   .     g - +0 cloak {MR+}
rCorr  .         Warding  .     X - +2 pair of gloves {Str+3}
rMut   .         Stasis   .     v - +2 pair of boots "Ufufozxu" {MR+ Dex+3 SInv}
MR     ++++.                    (no amulet)
Stlth  ..........               N - ring of wizardry
                                W - ring of protection from magic

@: finesse, very slightly contaminated, heavily drained, incredibly resistant to
hostile enchantments, extremely unstealthy
A: retaliatory headbutt, horns 3
a: Heroism, Finesse, Renounce Religion
}: 2/15 runes: decaying, gossamer


You were on level 5 of the Vaults.
You worshipped Okawaru.
Okawaru was exalted by your worship.
You were hungry.

You visited 7 branches of the dungeon, and saw 43 of its levels.
You also visited: Bailey.

You collected 4659 gold pieces.
You spent 1166 gold pieces at shops.

Inventory:

Hand weapons
 A - the +9 broad axe of Charity (weapon) {flame, Str+5 Stlth+}
   (Okawaru gifted it to you on level 1 of the Swamp)

   It has been specially enchanted to burn those struck by it, causing extra
   injury to most foes and up to half again as much damage against particularly
   susceptible opponents.
   Big, fiery blades are also staple armaments of hydra-hunters.
   It affects your strength (+5).
   It makes you more stealthy.
 T - the +2 broad axe of Chiog {drain, rPois}
   (You acquired it on level 6 of the Lair of Beasts)

   A truly terrible weapon, it drains the life of those it strikes.
   It protects you from poison.
Armour
 g - a +0 cloak of magic resistance (worn)
 p - a +3 storm dragon armour (worn)
 v - the +2 pair of boots "Ufufozxu" (worn) {MR+ Dex+3 SInv}
   (You found it on level 5 of the Vaults)

   It affects your dexterity (+3).
   It affects your resistance to hostile enchantments.
   It enhances your eyesight.
 z - the +4 shield of Honesty (worn) {rElec Regen+}
   (Okawaru gifted it to you on level 12 of the Dungeon)

   It insulates you from electricity.
   It increases your rate of regeneration.
 X - a +2 pair of gloves of strength (worn)
Rods
 y - a +4 rod of destruction (5/12)
   (You took it off a vault warden on level 5 of the Vaults)
Jewellery
 a - an uncursed ring of flight
 c - an uncursed amulet of clarity
 j - a +3 ring of intelligence
 H - an uncursed amulet of resist corrosion
 N - a ring of wizardry (right hand)
 Q - an uncursed ring of protection from fire
 W - a ring of protection from magic (left hand)
 Y - an uncursed amulet of resist mutation
Magical devices
 b - a wand of hasting (4)
 n - a wand of digging (8)
 q - a wand of invisibility (5)
 w - a wand of teleportation (3)
 C - a wand of confusion (26)
 I - a wand of fireball (3)
 J - a wand of disintegration (19)
 O - a wand of disintegration (7)
 S - a wand of hasting (4)
 U - a wand of fireball (5)
 V - a wand of digging (6)
 Z - a wand of digging (8)
Scrolls
 e - 4 scrolls of magic mapping
 h - 13 scrolls of remove curse
 o - 7 scrolls of fog
 x - 2 scrolls of blinking
 B - 9 scrolls of teleportation
 D - 2 scrolls of recharging
 F - 5 scrolls of immolation
 L - a scroll of fear
 M - 4 scrolls of enchant weapon
 R - 4 scrolls of identify
Potions
 f - 4 potions of heal wounds
 i - 7 potions of brilliance
 k - 14 potions of curing
 l - 2 potions of magic
 m - 4 potions of restore abilities
 r - 4 potions of invisibility
 s - 4 potions of flight
 t - 4 potions of might
 u - 4 potions of agility
 G - 3 potions of berserk rage
 K - 5 potions of haste
 P - 2 potions of cure mutation
Comestibles
 d - 13 bread rations
 E - 18 meat rations


   Skills:
 + Level 18.0(16.3) Fighting
 + Level 21.7(19.9) Axes
 + Level 14.6(13.0) Armour
 + Level 11.1(9.7) Dodging
 + Level 2.0(0.9) Stealth
 + Level 18.9(17.2) Shields
 * Level 9.5(8.1) Spellcasting
 * Level 12.5(11.0) Summonings
 + Level 2.9(1.7) Invocations


You had 20 spell levels left.
You knew the following spells:

 Your Spells              Type           Power        Failure   Level  Hunger
a - Shadow Creatures      Summ           N/A          7%          5    ######.
b - Summon Demon          Summ           ###.......   7%          5    ######.
c - Recall                Summ/Tloc      N/A          7%          3    ###....
d - Monstrous Menagerie   Summ           ###.......   54%         6    #######


Dungeon Overview and Level Annotations

Branches:
Dungeon (15/15)            Temple (1/1) D:7            Lair (8/8) D:8
  Swamp (5/5) Lair:6       Spider (5/5) Lair:5        Slime (0/6) Lair:7
    Orc (4/4) D:9             Elf (0/3) Orc:3        Vaults (5/5) D:14
  Crypt (0/3) Vaults:2     Depths (0/5) D:15

Altars:
Ashenzari
Cheibriados
Dithmenos
Elyvilon
Fedhas
Gozag
Kikubaaqudgha
Makhleb
Nemelex Xobeh
Okawaru
Qazlal
Ru
Sif Muna
Trog
Vehumet
Xom
Yredelemnul
The Shining One
Beogh

Shops:
D:6 }   D:11 =?   D:15 :   Orc:1 =   Orc:3 [   Orc:4 *?[(   Vaults:4 =

Portals:
Hell: Lair:8
Trove: D:15 (give +4 gold dragon armour)

Annotations:
D:12 3 runed doors


Innate Abilities, Weirdness & Mutations

You reflexively headbutt those who attack you in melee.
You have a pair of large horns on your head.


Message History

Use which ability? (? or * to list)
You can now deal lightning-fast blows.
You feel somewhat more hungry.
The shadow dragon breathes negative energy at you.
The bolt of negative energy hits you!
You feel drained.
* * * LOW HITPOINT WARNING * * *
An orc knight comes into view. It is wielding a long sword of slicing.
You are too injured to fight recklessly!
You are too injured to fight recklessly!
Unknown command.
You are too injured to fight recklessly!
Unknown command.
Read which item? (? for menu, Esc to quit)
Blink to where?
Press: ? - help, Dir - move target cursor You are very lightly contaminated with residual magic.
As you read the scroll of blinking, it crumbles to dust.
The fire giant gestures at you while chanting.
The fireball explodes!
The fireball engulfs you!
You die...

p. #....# .. #....#..) o##....#..
.. #'#....#.# ?
#...L###.#....#.##..
#'.y.H.........
###########..).....##############
.........†.)C[<<.)...............
.........Z)§D<[.@................
.............<<..[).............
.............(...)..............
##########.......)##############
.........).=............
....#....#[.....)........
....#....#####....##.....
....#....#}.##....##.....
..#....#)(.##...)##...#


You could see a shadow dragon, a fire giant, a sphinx, a hornet and a human
zombie.

Vanquished Creatures
  Saint Roka (Vaults:5)
  Xtahua (Vaults:4)
  A lich (Vaults:5)
  A sphinx (Vaults:5)
  A thorn hunter (Swamp:5)
  3 storm dragons (Vaults:5)
  3 shadow dragons
  2 tengu reavers
  Frances (Swamp:5)
  12 vault wardens
  2 fire giants (Vaults:3)
  Donald (Spider:5)
  Maud (Swamp:1)
  A deep elf sorcerer (Vaults:5)
  A frost giant (Vaults:5)
  4 ghost moths
  Aizul (Spider:5)
  The ghost of emiel the Thaumaturge, a powerful NaWn of Cheibriados (Lair:6)
  7 emperor scorpions
  16 ironheart preservers
  An orc warlord (Orc:3)
  Jorgrun (Vaults:4)
  A war gargoyle (Vaults:5)
  14 stone giants
  3 very ugly things
  A deep elf demonologist (Vaults:5)
  A dire elephant (Lair:8)
  3 ettins
  Snorg (Lair:7)
  A green death (Vaults:5)
  3 fire dragons
  3 great orbs of eyes
  12 yaktaur captains
  27 vault guards
  2 jiangshi (Vaults:2)
  Fannar (Lair:5)
  An ice dragon (Vaults:5)
  9 ogre magi
  34 hydras
  A ghost crab (Swamp:5)
  A hell beast (Lair:8)
  12 alligators
  9 centaur warriors
  6 death yaks
  3 deep troll earth magi
  3 tengu warriors
  A fire crab (Vaults:2)
  Nergalle (D:12)
  2 spriggans
  An iron troll (Orc:4)
  A deep elf knight (Vaults:5)
  4 skeletal warriors
  A giant orange brain (Vaults:3)
  13 deep trolls
  10 swamp dragons
  3 spriggan druids
  5 orc knights
  20 ironbrand convokers
  A flayed ghost (D:12)
  A shambling mangrove (Swamp:5)
  2 wizards
  2 deep elf conjurers
  9 harpies
  An unseen horror (Vaults:1)
  12 hornets
  10 hill giants
  A spectral alligator (Swamp:5)
  10 wolf spider zombies (Spider:3)
  A frost giant zombie (Vaults:2)
  21 orb spiders
  4 orc sorcerers
  8 griffons
  A moth of wrath (Spider:5)
  29 wolf spiders
  A stone giant zombie (Vaults:2)
  4 necromancers
  3 black mambas
  2 draconians (shapeshifter)
  10 cyclopes
  A sixfirhy (Vaults:2)
  28 ugly things
  A hornet (shapeshifter) (D:15)
  6 elephants
  2 manticores
  3 centaur zombies
  3 orange demons (Lair:8)
  7 gargoyles
  11 vault sentinels
  A queen ant (Lair:1)
  A torpor snail (Spider:2)
  A black mamba (shapeshifter) (D:15)
  A smoke demon (Vaults:5)
  5 human zombies
  23 spiny frogs
  A kobold demonologist (Vaults:2)
  A komodo dragon (shapeshifter) (Vaults:1)
  47 yaktaurs
  3 red devils (Lair:8)
  A deep elf priest (Vaults:2)
  11 demonic crawlers
  A hellwing (Lair:8)
  9 komodo dragons
  12 trolls
  A troll (shapeshifter) (Vaults:2)
  3 freezing wraiths
  2 polar bears
  5 blue devils
  4 fire drakes
  28 jumping spiders
  20 two-headed ogres
  4 giant leeches
  9 bog bodies
  5 slime creatures
  25 blink frogs
  4 shadows
  A wind drake (shapeshifter) (D:13)
  10 tarantella zombies (Spider:3)
  5 boulder beetles
  15 ravens
  12 baby alligators
  A human (shapeshifter) (Vaults:5)
  45 redbacks
  A trapdoor spider (shapeshifter) (Vaults:4)
  A frost giant simulacrum (Vaults:2)
  19 trapdoor spiders
  4 basilisks
  A tarantella (shapeshifter) (Vaults:4)
  16 deep elf fighters
  5 deep elf magi
  3 wraiths
  61 yaks
  23 tarantellas
  A yak (shapeshifter) (Vaults:2)
  3 wyverns
  3 hungry ghosts
  2 centaur simulacra
  A steam dragon (Lair:6)
  38 vampire mosquitoes
  25 swamp worms
  4 wargs
  19 water moccasins
  16 wolves
  16 hippogriffs
  2 insubstantial wisps
  9 soldier ants (Lair:1)
  An ice beast (shapeshifter) (Vaults:5)
  4 mottled dragons
  12 wasps
  2 phantoms
  The ghost of joy the Sneak, an average SpEn (D:3)
  36 spiders
  7 porcupines
  2 ice beasts (D:12)
  14 swamp drakes
  27 orc warriors
  54 ogres
  2 black bears
  An ettin simulacrum (Vaults:3)
  An elf zombie (Vaults:2)
  5 necrophages
  5 boggarts (Vaults:2)
  A boring beetle (Lair:8)
  Sigmund (D:3)
  A big kobold (shapeshifter) (Vaults:1)
  A brain worm (shapeshifter) (Vaults:2)
  14 crocodiles
  22 centaurs
  6 spider zombies (Spider:3)
  16 giant frogs
  2 gnoll sergeants (D:8)
  3 wyvern zombies
  6 scorpions
  A human simulacrum (Vaults:2)
  20 killer bees
  17 wights
  2 electric eels
  A goliath beetle (D:6)
  27 orc priests
  4 centaur skeletons
  8 crimson imps
  A wasp zombie (D:12)
  36 worker ants
  17 jellies
  7 hounds
  A giant frog skeleton (D:9)
  9 iguanas
  34 orc wizards
  A killer bee zombie (D:7)
  A giant frog simulacrum (D:12)
  44 sheep
  Ijyb (D:7)
  3 hound zombies
  A hound skeleton (D:8)
  A worker ant zombie (D:4)
  2 mummies
  12 gnolls
  41 river rats
  31 adders
  A giant mite (D:7)
  4 shadow imps
  14 white imps (D:12)
  3 worms
  4 ufetubi
  An adder skeleton (D:6)
  5 giant geckos
  3 oozes
  202 orcs
  2 bat skeletons (D:4)
  10 giant cockroaches
  24 goblins
  19 hobgoblins
  8 jackals
  22 kobolds
  10 quokkas
  5 ball pythons
  20 bats
  A giant gecko zombie (D:7)
  5 giant newts
  2 giant spores
  2 quokka skeletons
  13 rats
  A rat skeleton (D:9)
  4 spectral orcs (D:12)
  9 ballistomycetes
  7 briar patches (Swamp:5)
  10 fungi
  9 plants
2052 creatures vanquished.

Vanquished Creatures (collateral kills)
  A fire giant (Vaults:1)
  2 vault wardens (Vaults:1)
  A deep troll earth mage (Vaults:1)
  A skeletal warrior (Vaults:1)
  A fire crab (Vaults:5)
  A vault sentinel (Vaults:1)
  A cyclops (Vaults:2)
  3 yaktaurs (Vaults:1)
  A warg (Vaults:2)
  2 ogres (Vaults:1)
  A centaur (Vaults:1)
  A human simulacrum (Vaults:1)
  2 sheep (Vaults:1)
  2 orcs (Vaults:5)
20 creatures vanquished.

Vanquished Creatures (others)
  An ironheart preserver (Vaults:1)
  A yaktaur captain (Vaults:5)
  A deep elf knight (Vaults:5)
  A wizard (Vaults:1)
  A wolf spider (Spider:5)
  A yaktaur (Vaults:5)
  A freezing wraith (Vaults:1)
  A jumping spider (Spider:3)
  A boulder beetle (Vaults:1)
  2 insubstantial wisps (Swamp:5)
  A swamp drake (Swamp:5)
  A spider (Spider:3)
  An orc priest (Vaults:5)
  An orc (Vaults:5)
  A giant spore (D:7)
  A ballistomycete (D:7)
  11 fungi
  9 plants
37 creatures vanquished.

Grand Total: 2109 creatures vanquished

Notes
Turn   | Place    | Note
--------------------------------------------------------------
     0 | D:1      | ztt, the Minotaur Fighter, began the quest for the Orb.
     0 | D:1      | Reached XP level 1. HP: 19/19 MP: 1/1
   137 | D:1      | Reached XP level 2. HP: 16/27 MP: 1/1
   219 | D:1      | Reached skill level 4 in Fighting
   248 | D:1      | Reached XP level 3. HP: 15/33 MP: 2/2
   567 | D:2      | Reached skill level 1 in Dodging
   662 | D:2      | Reached XP level 4. HP: 40/40 MP: 2/2
   850 | D:2      | Noticed a fire elemental
   852 | D:2      | Found a stormy altar of Qazlal.
   858 | D:2      | Noticed an air elemental
   858 | D:2      | Noticed an earth elemental
   858 | D:2      | Noticed a water elemental
  1040 | D:3      | Noticed Sigmund
  1045 | D:3      | Killed Sigmund
  1045 | D:3      | Reached XP level 5. HP: 42/47 MP: 2/2
  1066 | D:3      | Reached skill level 5 in Shields
  1074 | D:3      | Noticed joy's ghost (average SpEn)
  1079 | D:3      | Killed joy's ghost
  1079 | D:3      | Reached XP level 6. HP: 36/53 MP: 3/3
  1112 | D:3      | Found a shimmering altar of Xom.
  1540 | D:4      | Reached skill level 5 in Fighting
  1612 | D:4      | Reached skill level 5 in Armour
  1624 | D:4      | Reached skill level 5 in Axes
  1624 | D:4      | Reached XP level 7. HP: 53/61 MP: 3/3
  1629 | D:4      | Got a pearl-encrusted scale mail
  1640 | D:4      | Identified the +0 scale mail "Jerph" {rF+ MP+9} (You found it on level 4 of the Dungeon)
  1777 | D:4      | Reached skill level 6 in Shields
  1885 | D:4      | Got a faintly glowing sapphire amulet
  1886 | D:4      | Identified the amulet of Undoing {Inacc Dex+4 SInv Stlth+} (You found it on level 4 of the Dungeon)
  2004 | D:5      | Entered Level 5 of the Dungeon
  2170 | D:5      | Found a blossoming altar of Fedhas.
  3010 | D:6      | Reached XP level 8. HP: 52/70 MP: 3/3
  3153 | D:6      | Found Preugg's Gadget Emporium.
  3170 | D:6      | Found a shadowy altar of Dithmenos.
  3376 | D:6      | Learned a level 5 spell: Shadow Creatures
  3499 | D:6      | Found a sand-covered staircase.
  3895 | D:7      | Found a staircase to the Ecumenical Temple.
  3940 | D:7      | Noticed Ijyb
  3948 | D:7      | Killed Ijyb
  3957 | Temple   | Entered the Ecumenical Temple
  4023 | Temple   | Became a worshipper of Warmaster Okawaru
  4275 | D:7      | Found a sacrificial altar of Ru.
  4305 | D:7      | Reached skill level 7 in Axes
  4305 | D:7      | Reached skill level 1 in Summonings
  4354 | D:7      | Found a bloodstained altar of Trog.
  4861 | D:7      | Acquired Okawaru's first power
  4899 | D:7      | Reached XP level 9. HP: 71/78 MP: 4/4
  4905 | D:7      | Found an ancient bone altar of Kikubaaqudgha.
  4905 | D:7      | Found a snail-covered altar of Cheibriados.
  5438 | D:8      | Noticed a hill giant
  5451 | D:8      | Killed a hill giant
  5451 | D:8      | Reached skill level 8 in Axes
  5783 | D:8      | Found a staircase to the Lair.
  5855 | Lair:1   | Entered Level 1 of the Lair of Beasts
  6049 | Lair:1   | Noticed a black mamba
  6059 | Lair:1   | Killed a black mamba
  6059 | Lair:1   | Reached XP level 10. HP: 52/88 MP: 2/4
  6300 | Lair:1   | Reached skill level 9 in Shields
  6301 | Lair:1   | Reached skill level 5 in Dodging
  6391 | Lair:1   | Noticed a spiny frog
  6402 | Lair:1   | Killed a spiny frog
  6910 | Lair:1   | Acquired Okawaru's second power
  6910 | Lair:1   | Reached skill level 10 in Axes
  6956 | Lair:1   | Received a gift from Okawaru
  6982 | Lair:1   | Reached skill level 10 in Shields
  6982 | Lair:1   | Reached XP level 11. HP: 57/97 MP: 5/5
  7112 | Lair:1   | Noticed a queen ant
  7145 | Lair:1   | Killed a queen ant
  7609 | Lair:1   | Noticed a four-headed hydra
  7625 | Lair:1   | Killed a five-headed hydra
  8148 | Lair:1   | Reached skill level 5 in Summonings
  8678 | Lair:2   | Reached skill level 11 in Axes
  8850 | Lair:2   | Noticed a seven-headed hydra
  8892 | Lair:2   | Killed a seven-headed hydra
  8892 | Lair:2   | Received a gift from Okawaru
  8892 | Lair:2   | Reached skill level 10 in Fighting
  8892 | Lair:2   | Reached skill level 10 in Armour
  9209 | Lair:2   | Reached skill level 1 in Invocations
  9988 | Lair:3   | Reached XP level 12. HP: 96/107 MP: 7/7
 11163 | Lair:4   | You fall through a shaft for 3 floors!
 11431 | Lair:5   | Noticed Fannar
 11487 | Lair:4   | Received a gift from Okawaru
 11503 | Lair:4   | Reached skill level 12 in Axes
 11949 | Lair:4   | You fall through a shaft for 2 floors!
 12626 | Lair:2   | You fall through a shaft for 2 floors!
 12910 | Lair:5   | Found a hole to the Spider Nest.
 13625 | Lair:5   | Killed Fannar
 13625 | Lair:5   | Reached XP level 13. HP: 90/116 MP: 6/8
 14117 | Lair:6   | Noticed a four-headed hydra
 14125 | Lair:6   | Killed a four-headed hydra
 14125 | Lair:6   | Received a gift from Okawaru
 14315 | Lair:6   | Noticed emiel's ghost (powerful NaWn)
 14761 | Lair:6   | Reached skill level 13 in Axes
 14785 | Lair:6   | Received a gift from Okawaru
 14942 | Lair:6   | Found a staircase to the Swamp.
 15098 | Lair:6   | Killed emiel's ghost
 15394 | Lair:6   | Identified a scroll of acquirement
 15395 | Lair:6   | Got a brightly glowing broad axe
 15396 | Lair:6   | Identified the +2 broad axe of Chiog {drain, rPois} (You acquired it on level 6 of the Lair of Beasts)
 15858 | Lair:7   | Found a staircase to the Slime Pits.
 15997 | Lair:7   | Noticed Snorg
 16010 | Lair:7   | Killed Snorg
 16056 | Lair:7   | Received a gift from Okawaru
 16231 | Lair:8   | Entered Level 8 of the Lair of Beasts
 16382 | Lair:8   | Noticed a dire elephant
 16409 | Lair:8   | Killed a dire elephant
 16505 | Lair:8   | Reached skill level 14 in Axes
 16730 | Lair:8   | Reached XP level 14. HP: 124/127 MP: 9/9
 17105 | Lair:8   | Found a burning altar of Makhleb.
 17280 | Lair:8   | Received a gift from Okawaru
 17614 | Lair:8   | Found a gateway to Hell.
 17827 | Lair:4   | Noticed a five-headed hydra
 17835 | Lair:4   | Killed a five-headed hydra
 18318 | D:9      | Found a staircase to the Orcish Mines.
 18616 | D:10     | Entered Level 10 of the Dungeon
 18983 | D:10     | Found a deep blue altar of Sif Muna.
 19612 | D:11     | Found Thyomay's Magic Scroll Shop.
 19874 | D:11     | Reached skill level 15 in Axes
 20012 | D:11     | Found Qiugis' Jewellery Emporium.
 20500 | D:12     | Received a gift from Okawaru
 20526 | D:12     | Noticed Nergalle
 20544 | D:12     | Killed Nergalle
 20544 | D:12     | Reached skill level 1 in Spellcasting
 20555 | D:12     | Reached XP level 15. HP: 119/134 MP: 11/20
 20591 | D:12     | Got a twisted shield {god gift}
 20621 | D:12     | Identified the +4 shield of Honesty {rElec Regen+} (Okawaru gifted it to you on level 12 of the Dungeon)
 20717 | D:12     | Found a frozen archway.
 20831 | D:12     | Found a runed gate.
 20831 | D:12     | Found a runed gate.
 20831 | D:12     | Found a runed gate.
 20924 | D:12     | Noticed a tengu reaver
 20925 | D:12     | Noticed a shadow dragon
 21359 | D:12     | Found a runed gate.
 21359 | D:12     | Found a runed gate.
 21359 | D:12     | Found a runed gate.
 21421 | D:12     | Killed a shadow dragon
 21479 | D:12     | Reached XP level 16. HP: 52/143 MP: 21/21
 21745 | D:12     | Killed a tengu reaver
 21971 | D:13     | Gained mutation: You have a pair of large horns on your head. [potion of beneficial mutation]
 22138 | D:13     | Found a flagged portal.
 22145 | Bailey   | Entered a bailey
 22187 | Bailey   | Found a burning altar of Makhleb.
 22940 | D:14     | Received a gift from Okawaru
 22964 | D:14     | Found a gate to the Vaults.
 23578 | D:15     | Entered Level 15 of the Dungeon
 23610 | D:15     | Found a portal to a secret trove of treasure.
 23864 | D:15     | Reached skill level 15 in Shields
 24054 | D:15     | Found Xefrida's Book Shop.
 24116 | D:15     | Reached skill level 5 in Spellcasting
 24225 | D:15     | Reached skill level 16 in Axes
 24323 | D:15     | Found a staircase to the Depths.
 24647 | Orc:1    | Entered Level 1 of the Orcish Mines
 24713 | Orc:1    | Found Shruu's Jewellery Shoppe.
 24723 | Orc:1    | Bought an uncursed amulet of clarity for 260 gold pieces
 25214 | Orc:3    | Found Dibihouhap's Antique Armour Shop.
 25229 | Orc:3    | Found a roughly hewn altar of Beogh.
 25234 | Orc:3    | Found a staircase to the Elven Halls.
 25270 | Orc:3    | Bought a glowing cloak for 139 gold pieces
 26085 | Orc:4    | Entered Level 4 of the Orcish Mines
 26212 | Orc:4    | Found Cagguoko's Antique Armour Emporium.
 26438 | Orc:4    | Found Soapnucu's Assorted Antiques.
 26438 | Orc:4    | Found Lereplua's Antique Weapon Boutique.
 26442 | Orc:4    | Found Klofiej's Magic Scroll Shop.
 26457 | Orc:4    | Bought a glowing broad axe for 116 gold pieces
 26490 | Orc:4    | Bought a scroll of identify for 28 gold pieces
 26490 | Orc:4    | Bought a scroll of identify for 28 gold pieces
 26490 | Orc:4    | Bought a scroll of remove curse for 42 gold pieces
 26490 | Orc:4    | Bought a scroll of teleportation for 42 gold pieces
 26490 | Orc:4    | Bought 2 scrolls of enchant weapon for 210 gold pieces
 26490 | Orc:4    | Bought a scroll of remove curse for 42 gold pieces
 26490 | Orc:4    | Bought a scroll of teleportation for 42 gold pieces
 26490 | Orc:4    | Bought a scroll of teleportation for 42 gold pieces
 26490 | Orc:4    | Bought a scroll of enchant weapon for 105 gold pieces
 26490 | Orc:4    | Bought a scroll of fog for 28 gold pieces
 26490 | Orc:4    | Bought a scroll of teleportation for 42 gold pieces
 26747 | Orc:4    | Found a burning altar of Makhleb.
 27306 | Swamp:1  | Entered Level 1 of the Swamp
 27380 | Swamp:1  | Received a gift from Okawaru
 27383 | Swamp:1  | Got an ebony broad axe {god gift}
 27384 | Swamp:1  | Identified the +9 broad axe of Charity {flame, Str+5 Stlth+} (Okawaru gifted it to you on level 1 of the Swamp)
 27656 | Swamp:1  | Noticed Maud
 27681 | Swamp:1  | Killed Maud
 27866 | Swamp:1  | Reached XP level 17. HP: 138/152 MP: 25/25
 28845 | Swamp:3  | Reached skill level 17 in Axes
 28923 | Swamp:3  | Received a gift from Okawaru
 29811 | Swamp:4  | Received a gift from Okawaru
 30286 | Swamp:5  | Entered Level 5 of the Swamp
 30453 | Swamp:5  | Reached skill level 1 in Stealth
 30484 | Swamp:5  | Noticed Frances
 30508 | Swamp:5  | Killed Frances
 31393 | Swamp:5  | Reached skill level 10 in Summonings
 32085 | Swamp:5  | Got a decaying rune of Zot
 32339 | Spider:1 | Entered Level 1 of the Spider Nest
 33676 | Spider:2 | Received a gift from Okawaru
 33718 | Spider:2 | Learned a level 5 spell: Summon Demon
 33722 | Spider:2 | Learned a level 3 spell: Recall
 33729 | Spider:2 | Learned a level 6 spell: Monstrous Menagerie
 33966 | Spider:2 | Reached XP level 18. HP: 103/162 MP: 28/28
 34972 | Spider:3 | Reached skill level 18 in Axes
 35254 | Spider:3 | Reached skill level 15 in Fighting
 35359 | Spider:3 | Reached skill level 10 in Dodging
 35365 | Spider:3 | Got a pair of spiked boots
 35376 | Spider:3 | Identified the +1 pair of boots "Ceejugh" {rF+} (You found it on level 3 of the Spider Nest)
 36520 | Spider:5 | Entered Level 5 of the Spider Nest
 36980 | Spider:5 | Received a gift from Okawaru
 37389 | Spider:5 | Got a gossamer rune of Zot
 37592 | Spider:5 | Noticed Donald
 37609 | Spider:5 | Killed Donald
 37671 | Spider:5 | Noticed Aizul
 37677 | Spider:5 | Received a gift from Okawaru
 37693 | Spider:5 | Killed Aizul
 38218 | Vaults:1 | Entered Level 1 of the Vaults
 38234 | Vaults:1 | Reached XP level 19. HP: 124/170 MP: 29/29
 38444 | Vaults:1 | Received a gift from Okawaru
 38639 | Vaults:1 | Reached skill level 19 in Axes
 39480 | Vaults:1 | Received a gift from Okawaru
 40559 | Vaults:2 | Found a staircase to the Crypt.
 41096 | Vaults:3 | Reached skill level 20 in Axes
 41096 | Vaults:3 | Reached XP level 20. HP: 146/182 MP: 31/31
 41102 | Vaults:3 | Received a gift from Okawaru
 42234 | Vaults:4 | Noticed Jorgrun
 42245 | Vaults:4 | Killed Jorgrun
 42410 | Vaults:4 | Received a gift from Okawaru
 42445 | Vaults:4 | Found Ezulouma's Jewellery Boutique.
 42834 | Vaults:4 | Noticed Xtahua
 42859 | Vaults:4 | Killed Xtahua
 43481 | Vaults:4 | Reached skill level 21 in Axes
 43608 | Vaults:4 | Found an iron altar of Okawaru.
 43832 | Vaults:5 | Entered Level 5 of the Vaults
 43843 | Vaults:5 | Noticed Saint Roka
 43847 | Vaults:5 | Reached XP level 21. HP: 150/192 MP: 17/33
 43847 | Vaults:5 | Received a gift from Okawaru
 44464 | Vaults:5 | Got a pair of dazzling boots
 44465 | Vaults:5 | Identified the +2 pair of boots "Ufufozxu" {MR+ Dex+3 SInv} (You found it on level 5 of the Vaults)
 44608 | Vaults:5 | Received a gift from Okawaru
 44704 | Vaults:5 | Killed Saint Roka
 44929 | Vaults:5 | Got a slimy brass ring
 44930 | Vaults:5 | Identified the ring of Toeschofo {-Tele +Fly rF+ rN+ Dex+2 Stlth+} (You took it off an ironheart preserver on level 5 of the Vaults)
 45025 | Vaults:5 | Killed from afar by a fire giant

Action                   |  1- 3 |  4- 6 |  7- 9 | 10-12 | 13-15 | 16-18 | 19-21 || total
-------------------------+-------+-------+-------+-------+-------+-------+-------++-------
Melee: War axe           |   106 |   104 |   427 |   805 |   240 |       |       ||  1682
       Flail             |       |       |       |   101 |   117 |    66 |       ||   284
       Broad axe         |       |       |       |       |   887 |  1996 |  1137 ||  4020
 Cast: Shadow Creatures  |       |       |       |       |       |       |    23 ||    23
Invok: Heroism           |       |       |     2 |     6 |     1 |     1 |     1 ||    11
       Finesse           |       |       |       |       |     4 |     1 |     4 ||     9
Evoke: Wand              |       |       |       |       |     1 |       |       ||     1
  Use: Scroll            |       |    13 |     6 |     7 |    12 |    24 |     9 ||    71
       Potion            |       |     1 |       |     3 |     5 |     6 |     7 ||    22
 Stab: Confused          |       |       |       |       |     1 |     1 |       ||     2
       Distracted        |       |       |       |       |       |     1 |     3 ||     4
  Eat: Chunk             |       |     3 |     9 |    13 |    14 |     8 |     3 ||    50
       Fruit             |       |       |     6 |     5 |     3 |     5 |     5 ||    24
       Pizza             |       |       |       |     4 |       |     1 |       ||     5
       Beef jerky        |       |       |       |     2 |     6 |     8 |       ||    16
       Royal jelly       |       |       |       |       |     1 |     1 |     1 ||     3
       Bread ration      |       |       |       |       |       |     7 |     4 ||    11
